AoeStats
← CeyCey

Arena

507137567Analyzed
3v3 RM · 15d ago on Sep 16, 2026· 64m 10s· 6 players
Game mode
Random Map
Map size
Normal (6 player)
Population
200
Speed
Normal
Resources
Standard
Victory
Conquest
Starting age
Dark Age
Ending age
Imperial Age
RankedLock teamsTeams togetherTeam positionsShared explorationLock speedFull tech treeHidden civsTurbo modeCheats
Victory
Defeat
🇹🇷 Koreans · Türkiye
989
+13
🇹🇷 Bohemians · Türkiye
986
+13
🇹🇷 Poles · Türkiye
924
+17
🇰🇿 Slavs · Kazakhstan
969
-27
🇨🇱 Italians · Chile
931
-14
🇵🇪 Franks · Peru
889
-13
Juminican
9:58 Loom
11:44 Feudal Age
16:57 Castle Age
15:16 Double-Bit Axe
16:01 Gold Mining
18:14 Bow Saw
17:48 Pikeman
18:29 Squires
18:15 Arson
20:01 Stone Mining
20:39 Husbandry
22:57 Wheelbarrow
23:24 Scale Barding Armor
25:19 Chain Barding Armor
25:23 Forging
29:34 Hand Cart
29:58 Gold Shaft Mining
32:46 Imperial Age
30:54 Iron Casting
30:10 Fletching
31:18 Scale Mail Armor
32:37 Fortified Wall
32:24 Murder Holes
32:56 Cavalier
34:37 Plate Barding Armor
36:13 Blast Furnace
36:12 Paladin
41:15 Chemistry
44:46 Bodkin Arrow
45:15 Ballistics
45:06 Masonry
46:54 Chivalry
47:20 Elite Throwing Axeman
49:39 Padded Archer Armor
50:12 Architecture
54:11 Conscription
Кизяка
9:49 Feudal Age
12:41 Gold Mining
13:01 Double-Bit Axe
13:11 Horse Collar
17:17 Castle Age
18:23 Bow Saw
19:29 Heavy Plow
22:41 Town Watch
24:32 Scale Barding Armor
24:38 Forging
26:09 Stone Mining
25:57 Light Cavalry
26:49 Bloodlines
27:52 Husbandry
33:05 Gold Shaft Mining
35:59 Imperial Age
36:19 Chain Barding Armor
36:35 Iron Casting
38:07 Chemistry
37:27 Ballistics
36:33 Hussar
38:16 Elite Skirmisher
39:25 Ballistics
40:08 Chemistry
39:08 Murder Holes
42:55 Conscription
48:34 Crop Rotation
47:45 Heavy Scorpion
49:56 Two-Man Saw
49:17 Town Patrol
49:02 Loom
49:52 Wheelbarrow
53:04 Detinets
53:34 Hand Cart
58:48 Masonry
58:44 Siege Engineers
58:49 Fortified Wall
59:52 Scale Mail Armor
60:52 Blast Furnace
60:28 Plate Barding Armor
59:47 Pikeman
60:28 Squires
gitPushOriginMaster
11:44 Feudal Age
15:51 Castle Age
13:48 Horse Collar
14:22 Double-Bit Axe
16:02 Loom
16:57 Town Watch
17:31 Bow Saw
17:25 Heavy Plow
20:01 Pikeman
22:03 Wheelbarrow
21:23 Stone Mining
21:54 Fletching
23:32 Stone Shaft Mining
23:53 Thumb Ring
24:11 Gold Mining
24:57 Hand Cart
24:56 Crossbowman
26:55 Town Patrol
27:26 Bodkin Arrow
27:42 Forging
28:29 Padded Archer Armor
32:52 Imperial Age
30:50 Gold Mining
31:49 Ballistics
31:37 Treadmill Crane
34:41 Bracer
38:27 Arbalester
40:23 Leather Archer Armor
40:32 Onager
42:16 Ring Archer Armor
43:15 Two-Man Saw
52:18 Iron Casting
51:49 Scale Barding Armor
51:53 Husbandry
52:04 Bloodlines
51:39 Cavalier
51:48 Light Cavalry
52:53 Hussar
54:36 Blast Furnace
☾★Ertugrul☾★
11:14 Feudal Age
16:06 Loom
19:29 Castle Age
17:58 Double-Bit Axe
18:00 Horse Collar
18:33 Fletching
19:32 Crossbowman
23:16 Bodkin Arrow
25:04 Pikeman
26:06 Scale Mail Armor
33:26 Imperial Age
31:52 Chain Mail Armor
32:02 Gold Mining
33:15 Heavy Plow
35:00 Ballistics
38:18 Wheelbarrow
37:47 Halberdier
38:34 Arbalester
41:47 Bracer
42:34 Elite Skirmisher
44:07 Squires
45:34 Chemistry
46:13 Capped Ram
49:12 Plate Mail Armor
48:53 Forging
53:06 Iron Casting
53:46 Thumb Ring
55:08 Scale Barding Armor
60:38 Arson
61:21 Hand Cart
60:52 Town Watch
CeyCey
11:59 Feudal Age
18:03 Castle Age
23:24 Szlachta Privileges
23:16 Double-Bit Axe
23:56 Horse Collar
25:58 Gold Mining
26:16 Heavy Plow
26:33 Bow Saw
30:37 Imperial Age
29:21 Scale Mail Armor
29:31 Forging
30:00 Elite Skirmisher
30:48 Thumb Ring
37:57 Wheelbarrow
37:16 Stone Mining
36:56 Pikeman
37:36 Squires
37:22 Arson
39:18 Chemistry
38:47 Chain Mail Armor
39:08 Iron Casting
38:34 Padded Archer Armor
39:26 Hand Cart
39:38 Fletching
41:54 Murder Holes
43:31 Conscription
44:14 Leather Archer Armor
44:31 Plate Mail Armor
43:55 Elite Obuch
46:45 Bodkin Arrow
51:48 Blast Furnace
50:48 Bracer
60:40 Crop Rotation
59:39 Capped Ram
60:30 Siege Ram
jyasin.yildiz
7:17 Loom
13:17 Feudal Age
14:12 Double-Bit Axe
14:07 Horse Collar
20:37 Castle Age
21:30 Bow Saw
21:21 Heavy Plow
24:38 Ballistics
25:58 Chemistry
27:19 Wheelbarrow
27:12 Treadmill Crane
30:38 Hand Cart
30:16 Elite Skirmisher
32:32 Fletching
35:51 Imperial Age
35:27 Murder Holes
36:05 Pikeman
36:57 Forging
36:47 Scale Mail Armor
36:55 Squires
36:41 Arson
36:53 Bodkin Arrow
37:48 Halberdier
39:40 Iron Casting
39:20 Chain Mail Armor
40:58 Capped Ram
43:44 Blast Furnace
42:45 Bracer
50:59 Plate Mail Armor
50:30 Padded Archer Armor
58:23 Two-Man Saw
57:42 Leather Archer Armor
58:15 Elite Hussite Wagon
59:59 Caravan
60:36 Ring Archer Armor
60:35 Wagenburg Tactics
60:42 Wagenburg Tactics
60:59 Conscription
Connection lost

Rejoining the realm…

Still unreachable

The connection could not be restored.

Session expired

The server has moved on; the page needs a fresh start.